 Dungeon Crawl Stone Soup version 0.29-a0-422-gafbd6decc1 (webtiles) character file.

Game seed: 11728369764447415526

579 xian the Conjurer (level 7, 0/28 HPs)
             Began as a Felid Conjurer on May 19, 2022.
             Succumbed to a water moccasin's poison
             ... on level 6 of the Dungeon.
             The game lasted 00:17:44 (6055 turns).

xian the Conjurer (Felid Conjurer)                  Turns: 6055, Time: 00:17:45

Health: 0/28       AC:  2    Str:  3    XL:     7   Next: 13%
Magic:  5/15       EV: 18    Int: 22    God:
Gold:   155        SH:  0    Dex: 14    Spells: 12/15 levels left
                                        Lives:  0   Deaths: 2

rFire   . . .      SeeInvis +     - Unarmed
rCold   . . .      Faith    .   (shield unavailable)
rNeg    . . .      Spirit   .   (body armour unavailable)
rPois   .          Reflect  .   (helmet unavailable)
rElec   .          Harm     .   (cloak unavailable)
rCorr   .          Rampage  .   (gloves unavailable)
Will    +....                   (boots unavailable)
Stlth   +++.......              i - amulet of the acrobat
HPRegen 0.09/turn               (no ring)
MPRegen 0.14/turn               (no ring)

@: lethally poisoned (0 -> 0), about to teleport, flying, quick
A: very small, claws 1, fangs 3, see invisible, speed 1, shaggy fur 2, stealthy
paws, no weapons or thrown items, no armour, multi-lived
a: no special abilities


You were on level 6 of the Dungeon.
You visited 1 branch of the dungeon, and saw 6 of its levels.

You collected 155 gold pieces.

Inventory:

Jewellery
 i - an amulet of the acrobat (around neck)
Wands
 j - a wand of flame (18)
Scrolls
 b - a scroll of immolation {unknown}
 c - a scroll of fog {unknown}
 f - a scroll of amnesia {unknown}
 g - a scroll of acquirement {unknown}
 h - a scroll of noise {unknown}
 k - a scroll of teleportation
 l - a scroll of magic mapping {unknown}
 p - a scroll of enchant weapon {unknown}
 q - a scroll of identify {unknown}
Potions
 a - a potion of magic
 d - 2 potions of brilliance
 e - 2 potions of degeneration {unknown}
 m - a potion of flight
 n - a potion of haste {unknown}
 o - 2 potions of attraction {unknown}
 r - a potion of heal wounds {unknown}


   Skills:
 + Level 0.6 Fighting
 + Level 4.5 Dodging
 + Level 4.9 Stealth
 + Level 1.0 Unarmed Combat
 + Level 4.9 Spellcasting
 + Level 6.3 Conjurations


You had 12 spell levels left.
You knew the following spells:

 Your Spells              Type           Power      Damage    Failure   Level
a - Magic Dart            Conj           100%       1d8       1%          1
b - Searing Ray           Conj           66%        2d6       1%          2

Your spell library contained the following spells:

 Spells                   Type           Power      Damage    Failure   Level
 Dazzling Flash           Conj/Hex       38%        N/A       9%          3
 Scorch                   Fire           10%        2d6       16%         2
 Flame Wave               Conj/Fire      19%        2d6       26%         4
 Fulminant Prism          Conj/Hex       9%         3d7       26%         4
 Iskenderun's Mystic Bla  Conj/Tloc      19%        2d6       26%         4
 Summon Cactus Giant      Summ           2%         N/A       100%        6


Dungeon Overview and Level Annotations

Branches:
Dungeon (6/15)
 Temple: D:4-7

Altars:


Innate Abilities, Weirdness & Mutations

You have sharp claws.
You have razor-sharp teeth.
You have supernaturally acute eyesight. (SInv)
You cover ground quickly. (Speed+)
You are covered in thick fur. (AC +2)
Your paws help you pounce on unaware monsters.
You are incapable of wielding weapons or throwing items.
You cannot wear armour.
You gain extra lives every three experience levels.


Message History

The iguana hisses menacingly.
Found an escape hatch in the floor.
Found a stone staircase leading down.
The water moccasin completely misses you.
The water moccasin bites you.
You are lethally poisoned!
The water moccasin poisons you!
You feel very sick.
You feel sick.
The water moccasin completely misses you.
There is a stone staircase leading down here.
You can't go up here!
* * * LOW HITPOINT WARNING * * *
You feel sick.
The water moccasin bites you but does no damage.
The white imp misses you.
You climb downwards.
* * * LOW HITPOINT WARNING * * *
You feel sick.
There is a stone staircase leading up here.
* * * LOW HITPOINT WARNING * * *
You feel sick.
The water moccasin completely misses you.
The water moccasin attacks as you move away!
The water moccasin completely misses you.
A sky beast comes into view.
* * * LOW HITPOINT WARNING * * *
You feel sick.
* * * LOW HITPOINT WARNING * * *
You feel sick.
* * * LOW HITPOINT WARNING * * *
You feel sick.
The water moccasin completely misses you.
As you read the scroll of teleportation, it crumbles to dust.
You feel strangely unstable.
* * * LOW HITPOINT WARNING * * *
You feel sick. The water moccasin barely misses you.
It was a potion of flight.
You feel very buoyant.
You fly up into the air.
You die...

# # .#
...#######.#
#.........#
#Y..@.#
#.###S# #5#
#<# #..O..#
###.#..
#...... #.
####. #. .#


You could see a water moccasin, a sky beast (asleep) and a white imp.

Vanquished Creatures
  Eustachio (D:4)
  A sky beast (D:3)
  A scorpion (D:4)
  5 wights (D:4)
  Crazy Yiuf (D:3)
  A hound (D:4)
  2 iguanas (D:4)
  2 orc wizards
  3 gnolls (D:5)
  3 adders
  A white imp (D:5)
  3 worms
  A dart slug (D:1)
  7 orcs
  7 bats
  3 endoplasms
  7 giant cockroaches
  5 goblins
  8 hobgoblins
  4 jackals (D:3)
  5 kobolds
  4 quokkas (D:2)
  7 ball pythons
  2 frilled lizards (D:2)
  4 rats
88 creatures vanquished.

Notes
Turn   | Place    | Note
-------+----------+-------------------------------------------
     0 | D:1      | xian the Felid Conjurer began the quest for the Orb.
     0 | D:1      | Reached XP level 1. HP: 7/7 MP: 4/4
   266 | D:1      | Reached XP level 2. HP: 10/11 MP: 1/6
   475 | D:1      | Reached skill level 4 in Conjurations
   628 | D:1      | Found a faded altar of an unknown god.
   628 | D:1      | Noticed a Brimstone Fiend
   754 | D:1      | Learned a level 2 spell: Searing Ray
  1463 | D:2      | Reached XP level 3. HP: 14/14 MP: 3/7
  2710 | D:3      | Reached XP level 4. HP: 9/18 MP: 0/9
  2836 | D:3      | Killed from afar by an orc wizard
  2837 | D:3      | Reached XP level 3. HP: -2/14 MP: 4/8
  3144 | D:3      | Found a runed translucent door.
  3145 | D:3      | Noticed Crazy Yiuf
  3580 | D:4      | Noticed a sky beast
  3634 | D:3      | Reached XP level 4. HP: 11/18 MP: 2/9
  4029 | D:3      | Killed a sky beast
  4030 | D:3      | Reached skill level 5 in Conjurations
  4030 | D:3      | Reached XP level 5. HP: 21/21 MP: 1/11
  4201 | D:3      | Killed Crazy Yiuf
  4497 | D:4      | Gained mutation: You are covered in thick fur. (AC +2)
                  | [Felid growth]
  4497 | D:4      | Reached XP level 6. HP: 24/24 MP: 3/12
  4608 | D:4      | Noticed Eustachio
  4623 | D:4      | Reached XP level 7. HP: 27/27 MP: 1/14
  4769 | D:4      | Slain by a wight
  4770 | D:4      | Reached XP level 6. HP: -4/22 MP: 1/13
  4803 | D:4      | Killed Eustachio
  4804 | D:4      | Reached skill level 6 in Conjurations
  5061 | D:4      | Reached skill level 1 in Unarmed Combat
  5412 | D:4      | Reached XP level 7. HP: 17/27 MP: 6/15
  5671 | D:5      | Entered Level 5 of the Dungeon
  6054 | D:6      | HP: 1/28 [poisoned by a water moccasin]
  6055 | D:6      | Succumbed to a water moccasin's poison

Illustrated notes

Levels and vault maps discovered:
D:1:      psy_arrival_spokes, layout_loops_ring,
          dreamdust_ecumenical_altar_sealed_demon, nrook_uturn
D:2:      layout_basic, chequers_serial_rivers_large_b
D:3:      layout_loops_ring, uniq_crazy_yiuf_cottage
D:4:      layout_basic, uniq_eustachio
D:5:      layout_cave_pods, lemuel_coloured_pillars_altar,
          minmay_temple_entry_mini_moons
D:6:      layout_loops_ring

Skill      XL: |  1  2  3  4  5  6 |
---------------+-------------------+-----
Conjurations   | 4 5 6 |  6.3
Dodging        | 3 4 |  4.5
Stealth        | 3 4 |  4.9
Spellcasting   | 3 4 |  4.9
Unarmed Combat | 1 |  1.0
Fighting       | |  0.6

Action                   |  1- 3 |  4- 6 |  7- 9 || total
-------------------------+-------+-------+-------++-------
Melee: Unarmed           |     3 |     8 |     4 ||    15
       Punch             |       |     1 |       ||     1
 Cast: Magic Dart        |   117 |    45 |    35 ||   197
       Searing Ray       |     4 |    15 |     4 ||    23
  Use: Scroll            |       |       |     2 ||     2
       Potion            |       |       |     2 ||     2
Armor: Skin              |     1 |     3 |     1 ||     5
Dodge: Dodged            |    16 |    48 |    45 ||   109

Table legend: (Time is in decaauts)
 A = Elapsed time spent in this place.
 B = Non-inter-level travel time spent in this place.
 C = Inter-level travel time spent in this place.
 D = Time resting spent in this place.
 E = Time spent auto-exploring this place.
 F = Levels seen in this place.
 G = Mean time per level.
                   A        B        C        D        E       F      G
               +--------+--------+--------+--------+--------+-----+--------+
         Total |   5406 |   5331 |     75 |    386 |   4008 |   6 |  901.0 |
       Dungeon |   5406 |   5331 |     75 |    386 |   4008 |   6 |  901.0 |
               +--------+--------+--------+--------+--------+-----+--------+

Top non-repeatable levels by time:
     D:2: 1477 daAuts
     D:3: 1321 daAuts
     D:4: 1214 daAuts
     D:1: 1053 daAuts
     D:5: 335 daAuts
     D:6: 5 daAuts
